 Dungeon Crawl Stone Soup version 0.19.0-11-g3fc08b3 (webtiles) character file.

282 Haldmier the Slasher (level 6, 0/42 HPs)
             Began as a High Elf Fighter on Nov 10, 2016.
             Killed from afar by an orc wizard (5 damage)
             ... with a magic dart
             ... on level 4 of the Dungeon.
             The game lasted 00:09:37 (3348 turns).

Haldmier the Slasher (High Elf Fighter)             Turns: 3348, Time: 00:09:37

Health: 0/42       AC:  8    Str: 17    XL:     6   Next: 6%
Magic:  7/7        EV:  6    Int: 11    God:
Gold:   181        SH:  9    Dex: 16    Spells: 0 memorised, 5 levels left

rFire  . . .     SeeInvis .     a - +0 long sword
rCold  . . .     Gourm    .     b - +0 scale mail
rNeg   . . .     Faith    .     c - +0 shield
rPois  .         Spirit   .     (no helmet)
rElec  .         Reflect  .     t - +0 cloak
rCorr  .         Harm     .     (no gloves)
MR     .....                    h - +0 pair of boots
Stlth  ..........               (no amulet)
                                (no ring)
                                (no ring)

@: no status effects
A: no striking features
a: no special abilities


You were on level 4 of the Dungeon.
You were not hungry.

You visited 1 branch of the dungeon, and saw 4 of its levels.

You collected 181 gold pieces.

Inventory:

Hand Weapons
 a - a +0 long sword (weapon)
 u - a +0 vampiric whip
Missiles
 e - 33 stones (quivered)
Armour
 b - a +0 scale mail (worn)
 c - a +0 shield (worn)
 h - a +0 pair of boots (worn)
 t - a +0 cloak (worn)
Magical Staves
 l - an uncursed staff of wizardry {unknown}
Jewellery
 q - a +2 ring of strength {unknown}
 r - a +3 ring of strength {unknown}
 w - an uncursed amulet of guardian spirit {unknown}
Scrolls
 n - 3 scrolls of remove curse {unknown}
 o - 3 scrolls of identify {unknown}
 s - a scroll of teleportation {unknown}
 v - a scroll of recharging {unknown}
 x - a scroll of magic mapping {unknown}
Potions
 d - a potion of might
 j - a potion of invisibility {unknown}
 k - 3 potions of curing {unknown}
 m - a potion of brilliance {unknown}
Comestibles
 f - 3 bread rations
 g - a meat ration
 i - a beef jerky
 p - 9 chunks of flesh


   Skills:
 - Level 3.0 Fighting
 + Level 7.7 Long Blades
 - Level 2.6 Armour
 - Level 2.6 Shields


You had 5 spell levels left.
You didn't know any spells.

Dungeon Overview and Level Annotations

Branches:
Dungeon (4/15)
 Temple: D:4-7

Altars:
Nemelex Xobeh
Yredelemnul


Message History

a club; a leather armour You start resting.
You hear the quick hiss of a distant avalanche of sand.
You start resting.
An orc wizard comes into view. It is wielding a dagger.
The orc wizard shouts!
The orc wizard gestures at you while chanting.
The magic dart hits you!
* * * LOW HITPOINT WARNING * * *
The orc wizard mumbles some strange words.
The orc wizard blinks!
The orc wizard points at you and mumbles some strange words.
The magic dart hits you!
* * * LOW HITPOINT WARNING * * *
The orc wizard gestures at you while chanting.
The magic dart hits you!
* * * LOW HITPOINT WARNING * * *
The orc wizard points at you and mumbles some strange words.
The magic dart hits you!
You die...

#...####### #..._.
##..%......# #.. .P
#....#####)#
##..... o.....####
#.# ..#..# 8[...
#.# #...# .... #.#
#.# .._ ##.## #.#
.. ##.o.## #.# .
#....@###########)#
#.................#
#.....#############
##...## #####


You could see an orc wizard.

Vanquished Creatures
  An ogre (D:4)
  An orc priest (D:4)
  An iguana (D:4)
  A worker ant (D:4)
  4 adders
  An ooze (D:1)
  3 worms
  A dart slug (D:1)
  4 leopard geckos
  2 orcs
  4 giant cockroaches
  2 goblins (D:1)
  12 hobgoblins
  3 jackals (D:3)
  A quokka (D:4)
  4 bats
  6 frilled lizards
  6 kobolds
  8 rats
65 creatures vanquished.

Notes
Turn   | Place    | Note
-------+----------+-------------------------------------------
     0 | D:1      | Haldmier the High Elf Fighter began the quest for the Orb.
     0 | D:1      | Reached XP level 1. HP: 16/16 MP: 2/2
   155 | D:1      | Reached skill level 3 in Long Blades
   182 | D:1      | Reached XP level 2. HP: 12/21 MP: 3/3
   659 | D:1      | Reached skill level 4 in Long Blades
   993 | D:2      | Reached XP level 3. HP: 24/26 MP: 4/4
  1619 | D:2      | Reached skill level 5 in Long Blades
  1868 | D:3      | Reached XP level 4. HP: 28/31 MP: 5/5
  2701 | D:3      | Reached skill level 6 in Long Blades
  2905 | D:4      | Noticed an ogre
  2914 | D:4      | Killed an ogre
  2914 | D:4      | Reached skill level 7 in Long Blades
  2914 | D:4      | Reached XP level 5. HP: 7/36 MP: 6/6
  3227 | D:4      | Found a sparkling altar of Nemelex Xobeh.
  3293 | D:4      | Found a basalt altar of Yredelemnul.
  3310 | D:4      | Reached XP level 6. HP: 13/42 MP: 7/7
  3348 | D:4      | Killed from afar by an orc wizard

Skill      XL: |  1  2  3  4 |
---------------+-------------+-----
Long Blades    | 3 4 5 7 |  7.7
Fighting       | |  3.0
Armour         | |  2.6
Shields        | |  2.6

Action                   |  1- 3 |  4- 6 || total
-------------------------+-------+-------++-------
Melee: Long sword        |   137 |   114 ||   251
Throw: Stone             |     2 |       ||     2
  Eat: Chunk             |     3 |     5 ||     8
Armor: Scale mail        |    64 |    35 ||    99
Dodge: Dodged            |    36 |    30 ||    66
Block: Shield            |    64 |    53 ||   117
       Rpst.: Long sword |    10 |     7 ||    17
